Login

Seattle Kraken vs Anaheim Ducks

Created - May 13, 2024 at 19:47

Goals
1 2 3 T
Seattle Kraken 1 1 0 2
Anaheim Ducks 1 0 0 1
Shots
1 2 3 T
Seattle Kraken 15 5 8 28
Anaheim Ducks 3 5 10 18

GoalsPenalties
1st period
1. Seattle Kraken , Matt Duchene 4 (Derek Forbort 3) at 4:40
2. Anaheim Ducks , Brandon Montour 2 (Ian Cole 7, Zemgus Girgensons 1) at 5:14
Ian Cole (ANA) for Hooking (Minor) at 9:33
Claude Giroux (SEA) for Elbowing (Minor) at 12:48
Matt Martin (ANA) for Roughing (Minor) at 15:26
2nd period
3. Seattle Kraken , Patrice Bergeron 3 (Mattias Ekholm 4, Jake Guentzel 4) at 14:25
Claude Giroux (SEA) for Roughing (Minor) at 5:27
Derek Forbort (SEA) for Hooking (Minor) at 7:01
Zemgus Girgensons (ANA) for Holding (Minor) at 10:08
3rd period
No Goal
Matt Irwin (ANA) for Hooking (Minor) at 1:37
Derek Forbort (SEA) for Roughing (Minor) at 4:29
Vladislav Gavrikov (SEA) for Slashing (Minor) at 11:27
Goalie Stats
Linus Ullmark (SEA), 17 saves from 18 shots - (0.944), W, 6-0-1, 60:00 minutes
Juuse Saros (ANA), 26 saves from 28 shots - (0.929), L, 5-3-0, 59:36 minutes
3 StarsOfficial
1 - Brandon Montour (ANA)
2 - Patrice Bergeron (SEA)
3 - Jake Guentzel (SEA)
Referees : Unknown
Linesman : Unknown
Game Note
No Game Note
Finance
Level 1 -- Attendance: 6000 (100.00%) -- Ticket Income $534,000
Level 2 -- Attendance: 5000 (100.00%) -- Ticket Income $270,000
Level 3 -- Attendance: 2000 (100.00%) -- Ticket Income $56,000
Level 4 -- Attendance: 4000 (100.00%) -- Ticket Income $84,000
Luxury Box -- Attendance: 1000 (100.00%) -- Ticket Income $186,000
Game was played at the Honda Center.
Total Attendance: 18000 (100.00%)
Total Ticket Income: $1,130,000
Total Income: $1,130,000



Team Name Goals Shots Shots Attemp Shots Blocked PIM HIT PP PK FO%
Seattle Kraken 22871810200 / 4 (0%)058%
Anaheim Ducks 11837148210 / 5 (0%)042%

Seattle Kraken
Player Name POS G A P +/- PIM HIT SHT SB MP PP MP PP SHT PK MP PK SHT FO% FOT
Brandon TanevLW/RW0000011012:250:0000:000100% 1
Brayden McNabbD0000021122:373:4215:4000% 0
Claude GirouxC/LW0000410016:294:0600:00064% 11
Derek ForbortD0110410016:540:0001:4400% 0
Jake GuentzelLW/RW0111023016:133:4920:4700% 0
Jeff PetryD0000012117:164:1420:0000% 0
Justin HollD0000022217:290:0002:1800% 0
Logan CoutureC/LW/RW0001013015:103:4920:0000% 0
Logan O'ConnorLW/RW0000011011:570:0005:52150% 2
Marcus FolignoLW/RW0000021112:430:0000:0000% 0
Mark ScheifeleC/LW/RW0000000016:214:0700:0000% 1
Matt DucheneC/LW1010004016:033:4900:00061% 18
Matthew TkachukLW/RW0000013016:454:0720:0000% 3
Mattias EkholmD0111012222:464:1414:1100% 0
Nicolas Aube-KubelRW000001008:310:0002:2600% 0
Patrice BergeronC1011014017:080:0105:33064% 25
Radek FaksaC0000001010:180:0003:57050% 8
Vladislav GavrikovD0001220122:553:4205:0600% 0
Anaheim Ducks
Player Name POS G A P +/- PIM HIT SHT SB MP PP MP PP SHT PK MP PK SHT FO% FOT
Austin WatsonRW000-1041015:120:0002:3600% 0
Blake WheelerLW/RW0000011017:594:2800:4400% 0
Brandon MontourD1011024225:135:1934:1300% 0
Brock McGinnLW000-1020121:595:0204:2100% 0
Cole SmithC0000010013:200:0002:36033% 6
Colton ParaykoD000-2000125:525:1904:5800% 0
Connor McDavidC0000003022:324:2800:00056% 18
Corey PerryRW0000000114:554:3600:0000% 2
Derick BrassardC000000002:010:2600:0000% 0
Dylan DemeloD000-2013121:464:1134:0400% 0
Frederick GaudreauC/LW/RW000-1012222:225:0204:44030% 30
Ian ColeD0111221320:244:1112:3700% 0
Kevin ShattenkirkD0000021213:220:0000:0000% 0
Matt IrwinD0000211113:210:0000:0000% 0
Matt MartinLW000021007:170:0000:510100% 1
Nick BoninoC000000006:270:0000:00067% 3
Patrick BrownC000000000:000:0000:0000% 0
Zach HymanC/LW/RW0000011017:154:2810:0000% 0
Zemgus GirgensonsC/LW/RW0110220010:430:0000:00056% 9

Seattle Kraken

5 vs 5 Forward
Line #Left WingCenterRight WingPHYDFOFWanted %Time %Time Play
1Marcus FolignoMatt DucheneMark Scheifele0233329%12:14
2Matthew TkachukClaude GirouxBrandon Tanev0233230%12:25
3Jake GuentzelPatrice BergeronLogan Couture0233027%11:21
4Logan O'ConnorRadek FaksaNicolas Aube-Kubel230514%6:05
5 vs 5 Defense
Line #DefenseDefensePHYDFOFWanted %Time %Time Play
1Vladislav GavrikovMattias Ekholm0413532%13:36
2Brayden McNabbJeff Petry0413531%13:02
3Justin HollDerek Forbort0413036%15:11
4Vladislav GavrikovMattias Ekholm14001%0:16
Power Play Forward
Line #Left WingCenterRight WingPHYDFOFWanted %Time %Time Play
1Mark ScheifeleClaude GirouxMatthew Tkachuk0056052%4:07
2Jake GuentzelMatt DucheneLogan Couture0054048%3:49
Power Play Defense
Line #DefenseDefensePHYDFOFWanted %Time %Time Play
1Mattias EkholmJeff Petry0056053%4:14
2Vladislav GavrikovBrayden McNabb0054047%3:42
Penalty Kill 4 Players Forward
Line #CenterWingPHYDFOFWanted %Time %Time Play
1Patrice BergeronLogan O'Connor2306073%6:39
2Radek FaksaNicolas Aube-Kubel2304027%2:26
Penalty Kill 4 Players Defense
Line #DefenseDefensePHYDFOFWanted %Time %Time Play
1Vladislav GavrikovBrayden McNabb0506060%5:26
2Mattias EkholmDerek Forbort0504040%3:39
Penalty Kill 3 Players
Line #WingPHYDFOFWanted %Time %Time PlayDefenseDefensePHYDFOFWanted %Time %Time Play
1Patrice Bergeron14060100%0:25 Brayden McNabbVladislav Gavrikov0506056%0:14
2Radek Faksa140400%0:00 Mattias EkholmDerek Forbort0504044%0:11
4 vs 4 Forward
Line #CenterWingPHYDFOFWanted %Time %Time Play
1Patrice BergeronMatthew Tkachuk113600%0:00
2Claude GirouxMark Scheifele113400%0:00
4 vs 4 Defense
Line #DefensePHYDFOFWanted %Time %Time Play
1Vladislav GavrikovMattias Ekholm131600%0:00
2Jeff PetryBrayden McNabb131400%0:00
Last Minutes Offensive
Left WingCenterRight WingDefenseDefense
Matthew TkachukClaude GirouxMatt DucheneMattias EkholmJeff Petry
Last Minutes Defensive
Left WingCenterRight WingDefenseDefense
Marcus FolignoPatrice BergeronMatthew TkachukMattias EkholmBrayden McNabb
Time
Total ForwardTotal DefenseLast Minutes OffensiveLast Minutes Defensive
60:00 60:00 0:000:29
Extra Forwards
Normal PowerPlayPenalty Kill
Matt Duchene, Mark Scheifele, Matthew TkachukMark Scheifele, Patrice BergeronPatrice Bergeron
Extra Defensemen
Normal PowerPlayPenalty Kill
Vladislav Gavrikov, Mattias Ekholm, Jeff PetryMattias Ekholm, Mattias EkholmVladislav Gavrikov
Penalty Shots
Mark Scheifele, Claude Giroux, Logan Couture, Matt Duchene, Patrice Bergeron
Goalie
Linus Ullmark, Marc-Andre Fleury
Scratches
None

Anaheim Ducks

5 vs 5 Forward
Line #Left WingCenterRight WingPHYDFOFWanted %Time %Time Play
1Brock McGinnFrederick GaudreauAustin Watson0503530%12:36
2Blake WheelerConnor McDavidZach Hyman0053529%12:02
3Corey PerryZemgus GirgensonsCole Smith0502526%10:44
4Matt MartinNick BoninoConnor McDavid014515%6:27
5 vs 5 Defense
Line #DefenseDefensePHYDFOFWanted %Time %Time Play
1Brandon MontourIan Cole0233533%13:37
2Dylan DemeloColton Parayko0233532%13:26
3Kevin ShattenkirkMatt Irwin0502532%13:22
4Colton ParaykoBrandon Montour01453%1:24
Power Play Forward
Line #Left WingCenterRight WingPHYDFOFWanted %Time %Time Play
1Zach HymanConnor McDavidBlake Wheeler0146047%4:28
2Brock McGinnFrederick GaudreauCorey Perry0054053%5:02
Power Play Defense
Line #DefenseDefensePHYDFOFWanted %Time %Time Play
1Brandon MontourColton Parayko0326056%5:19
2Ian ColeDylan Demelo0324044%4:11
Penalty Kill 4 Players Forward
Line #CenterWingPHYDFOFWanted %Time %Time Play
1Frederick GaudreauBrock McGinn0506067%5:20
2Cole SmithAustin Watson0504033%2:36
Penalty Kill 4 Players Defense
Line #DefenseDefensePHYDFOFWanted %Time %Time Play
1Brandon MontourColton Parayko0506049%3:52
2Ian ColeDylan Demelo0504051%4:04
Penalty Kill 3 Players
Line #WingPHYDFOFWanted %Time %Time PlayDefenseDefensePHYDFOFWanted %Time %Time Play
1Cole Smith050600%0:00 Brandon MontourColton Parayko050600%0:00
2Austin Watson050400%0:00 Ian ColeDylan Demelo122400%0:00
4 vs 4 Forward
Line #CenterWingPHYDFOFWanted %Time %Time Play
1Connor McDavidZach Hyman023600%0:00
2Frederick GaudreauBlake Wheeler023400%0:00
4 vs 4 Defense
Line #DefensePHYDFOFWanted %Time %Time Play
1Brandon MontourColton Parayko023600%0:00
2Ian ColeDylan Demelo032400%0:00
Last Minutes Offensive
Left WingCenterRight WingDefenseDefense
Zach HymanConnor McDavidBlake WheelerBrandon MontourColton Parayko
Last Minutes Defensive
Left WingCenterRight WingDefenseDefense
Zach HymanConnor McDavidBlake WheelerBrandon MontourColton Parayko
Time
Total ForwardTotal DefenseLast Minutes OffensiveLast Minutes Defensive
60:00 60:00 0:450:00
Extra Forwards
Normal PowerPlayPenalty Kill
Derick Brassard, Brock McGinn, Matt MartinDerick Brassard, Brock McGinnMatt Martin
Extra Defensemen
Normal PowerPlayPenalty Kill
Kevin Shattenkirk, Brandon Montour, Colton ParaykoKevin Shattenkirk, Colton ParaykoBrandon Montour
Penalty Shots
Connor McDavid, Zach Hyman, Blake Wheeler, Austin Watson, Frederick Gaudreau
Goalie
Juuse Saros, Casey Desmith
Scratches
ANA Cap Hit (Suspend)


Play-by-Play

1st period


0:01 of 1st period - Frederick Gaudreau wins face-off versus Matt Duchene in neutral zone.
0:01 of 1st period - Frederick Gaudreau is hit by Marcus Foligno.
0:13 of 1st period - Shot by Frederick Gaudreau.
0:13 of 1st period - Shot Blocked by Vladislav Gavrikov.
1:13 of 1st period - Jeff Petry is hit by Zach Hyman and loses puck.
2:30 of 1st period - Derek Forbort is hit by Matt Martin and loses puck.
2:39 of 1st period - Matt Martin is hit by Jake Guentzel and loses puck.
3:17 of 1st period - Icing by Logan O'Connor.
3:18 of 1st period - Logan O'Connor wins face-off versus Frederick Gaudreau in Seattle Kraken zone.
3:18 of 1st period - Logan O'Connor is hit by Brock McGinn.
3:38 of 1st period - Icing by Brock McGinn.
3:39 of 1st period - Brandon Tanev wins face-off versus Frederick Gaudreau in Anaheim Ducks zone.
3:42 of 1st period - Shot by Matthew Tkachuk.
3:42 of 1st period - Shot Misses the Net.
4:04 of 1st period - Shot by Matthew Tkachuk.
4:04 of 1st period - Shot Misses the Net.
4:40 of 1st period - Shot by Matt Duchene.
4:40 of 1st period - Goal by Matt Duchene - Seattle Kraken : 1 - Anaheim Ducks : 0.
4:41 of 1st period - Connor McDavid wins face-off versus Patrice Bergeron in neutral zone.
4:47 of 1st period - Connor McDavid is hit by Vladislav Gavrikov and loses puck.
4:56 of 1st period - Shot by Jake Guentzel.
4:56 of 1st period - Stopped by Juuse Saros without a rebound.
4:57 of 1st period - Zemgus Girgensons wins face-off versus Matt Duchene in Anaheim Ducks zone.
5:12 of 1st period - Shot by Ian Cole.
5:12 of 1st period - Shot Blocked by Marcus Foligno.
5:14 of 1st period - Shot by Brandon Montour.
5:14 of 1st period - Goal by Brandon Montour - Seattle Kraken : 1 - Anaheim Ducks : 1.
5:15 of 1st period - Patrice Bergeron wins face-off versus Connor McDavid in neutral zone.
5:37 of 1st period - Patrice Bergeron is hit by Kevin Shattenkirk and loses puck.
5:56 of 1st period - Jeff Petry is hit by Blake Wheeler and loses puck.
6:31 of 1st period - Icing by Brandon Montour.
6:32 of 1st period - Zemgus Girgensons wins face-off versus Mark Scheifele in Anaheim Ducks zone.
7:30 of 1st period - Shot by Brock McGinn.
7:30 of 1st period - Shot Misses the Net.
7:43 of 1st period - Off-side.
7:44 of 1st period - Radek Faksa wins face-off versus Connor McDavid in neutral zone.
8:51 of 1st period - Off-side.
8:52 of 1st period - Frederick Gaudreau wins face-off versus Matthew Tkachuk in neutral zone.
9:04 of 1st period - Shot by Brandon Tanev.
9:04 of 1st period - Shot Misses the Net.
9:06 of 1st period - Shot by Brandon Tanev.
9:06 of 1st period - Stopped by Juuse Saros without a rebound.
9:07 of 1st period - Matt Duchene wins face-off versus Zemgus Girgensons in Anaheim Ducks zone.
9:30 of 1st period - Shot by Mark Scheifele.
9:30 of 1st period - Shot Blocked by Corey Perry.
9:33 of 1st period - Minor Penalty to Ian Cole for Hooking.
9:34 of 1st period - Claude Giroux wins face-off versus Frederick Gaudreau in Anaheim Ducks zone.
9:45 of 1st period - Shot by Matthew Tkachuk.
9:45 of 1st period - Shot Misses the Net.
9:47 of 1st period - Shot by Claude Giroux.
9:47 of 1st period - Shot Misses the Net.
9:49 of 1st period - Shot by Mark Scheifele.
9:49 of 1st period - Shot Misses the Net.
9:51 of 1st period - Shot by Mark Scheifele.
9:51 of 1st period - Shot Misses the Net.
10:20 of 1st period - Dylan Demelo is hit by Brayden McNabb and loses puck.
10:31 of 1st period - Shot by Logan Couture.
10:31 of 1st period - Stopped by Juuse Saros without a rebound.
10:32 of 1st period - Matt Duchene wins face-off versus Cole Smith in Anaheim Ducks zone.
10:52 of 1st period - Shot by Jake Guentzel.
10:52 of 1st period - Stopped by Juuse Saros without a rebound.
10:53 of 1st period - Frederick Gaudreau wins face-off versus Matthew Tkachuk in Anaheim Ducks zone.
10:53 of 1st period - Frederick Gaudreau is hit by Claude Giroux.
11:32 of 1st period - Austin Watson is hit by Logan Couture and loses puck.
11:50 of 1st period - Shot by Derek Forbort.
11:50 of 1st period - Shot Misses the Net.
11:52 of 1st period - Shot by Justin Holl.
11:52 of 1st period - Stopped by Juuse Saros without a rebound.
11:53 of 1st period - Patrice Bergeron wins face-off versus Nick Bonino in Anaheim Ducks zone.
12:09 of 1st period - Shot by Justin Holl.
12:09 of 1st period - Shot Misses the Net.
12:13 of 1st period - Shot by Patrice Bergeron.
12:13 of 1st period - Shot Misses the Net.
12:15 of 1st period - Shot by Patrice Bergeron.
12:15 of 1st period - Deflect By Logan Couture.
12:15 of 1st period - Stopped by Juuse Saros with a rebound.
12:17 of 1st period - Shot by Patrice Bergeron.
12:17 of 1st period - Stopped by Juuse Saros with a rebound.
12:25 of 1st period - Shot by Jake Guentzel.
12:25 of 1st period - Shot Blocked by Ian Cole.
12:29 of 1st period - Shot by Patrice Bergeron.
12:29 of 1st period - Stopped by Juuse Saros without a rebound.
12:30 of 1st period - Claude Giroux wins face-off versus Frederick Gaudreau in Anaheim Ducks zone.
12:33 of 1st period - Shot by Brandon Tanev.
12:33 of 1st period - Shot Misses the Net.
12:48 of 1st period - Minor Penalty to Claude Giroux for Elbowing.
12:49 of 1st period - Connor McDavid wins face-off versus Patrice Bergeron in Seattle Kraken zone.
13:48 of 1st period - Shot by Dylan Demelo.
13:48 of 1st period - Stopped by Linus Ullmark without a rebound.
13:49 of 1st period - Patrice Bergeron wins face-off versus Frederick Gaudreau in Seattle Kraken zone.
15:04 of 1st period - Shot by Matthew Tkachuk.
15:04 of 1st period - Shot Misses the Net.
15:06 of 1st period - Shot by Brandon Tanev.
15:06 of 1st period - Shot Blocked by Matt Irwin.
15:08 of 1st period - Shot by Justin Holl.
15:08 of 1st period - Shot Misses the Net.
15:10 of 1st period - Shot by Claude Giroux.
15:10 of 1st period - Shot Blocked by Kevin Shattenkirk.
15:12 of 1st period - Shot by Justin Holl.
15:12 of 1st period - Stopped by Juuse Saros without a rebound.
15:13 of 1st period - Nick Bonino wins face-off versus Matt Duchene in Anaheim Ducks zone.
15:13 of 1st period - Nick Bonino is hit by Marcus Foligno.
15:26 of 1st period - Minor Penalty to Matt Martin for Roughing.
15:27 of 1st period - Frederick Gaudreau wins face-off versus Claude Giroux in Anaheim Ducks zone.
15:27 of 1st period - Frederick Gaudreau is hit by Matthew Tkachuk.
15:36 of 1st period - Frederick Gaudreau is hit by Jeff Petry and loses puck.
15:55 of 1st period - Shot by Matthew Tkachuk.
15:55 of 1st period - Shot Misses the Net.
15:57 of 1st period - Shot by Jeff Petry.
15:57 of 1st period - Stopped by Juuse Saros without a rebound.
15:58 of 1st period - Matt Duchene wins face-off versus Frederick Gaudreau in Anaheim Ducks zone.
16:25 of 1st period - Shot by Brayden McNabb.
16:25 of 1st period - Stopped by Juuse Saros with a rebound.
16:27 of 1st period - Shot by Brayden McNabb.
16:27 of 1st period - Shot Misses the Net.
16:29 of 1st period - Shot by Logan Couture.
16:29 of 1st period - Stopped by Juuse Saros without a rebound.
16:30 of 1st period - Frederick Gaudreau wins face-off versus Claude Giroux in Anaheim Ducks zone.
16:57 of 1st period - Shot by Matthew Tkachuk.
16:57 of 1st period - Shot Misses the Net.
16:59 of 1st period - Shot by Matthew Tkachuk.
16:59 of 1st period - Stopped by Juuse Saros with a rebound.
17:01 of 1st period - Shot by Mattias Ekholm.
17:01 of 1st period - Shot Blocked by Brandon Montour.
17:09 of 1st period - Shot by Jeff Petry.
17:09 of 1st period - Shot Misses the Net.
17:11 of 1st period - Shot by Matthew Tkachuk.
17:11 of 1st period - Shot Blocked by Frederick Gaudreau.
17:13 of 1st period - Shot by Matthew Tkachuk.
17:13 of 1st period - Stopped by Juuse Saros with a rebound.
17:34 of 1st period - Connor McDavid is hit by Justin Holl.
17:58 of 1st period - Shot by Connor McDavid.
17:58 of 1st period - Shot Blocked by Justin Holl.
18:00 of 1st period - Shot by Connor McDavid.
18:00 of 1st period - Shot Misses the Net.
18:02 of 1st period - Shot by Blake Wheeler.
18:02 of 1st period - Shot Misses the Net.
18:04 of 1st period - Shot by Kevin Shattenkirk.
18:04 of 1st period - Stopped by Linus Ullmark without a rebound.
18:05 of 1st period - Cole Smith wins face-off versus Patrice Bergeron in Seattle Kraken zone.
19:19 of 1st period - Shot by Connor McDavid.
19:19 of 1st period - Shot Misses the Net.
19:36 of 1st period - Icing by Brayden McNabb.
19:37 of 1st period - Patrice Bergeron wins face-off versus Frederick Gaudreau in Seattle Kraken zone.
19:37 of 1st period - Patrice Bergeron is hit by Austin Watson.
Goals for this period are 1 for Seattle Kraken vs 1 for Anaheim Ducks.
Shots for this period are 15 for Seattle Kraken vs 3 for Anaheim Ducks.

2nd period


0:01 of 2nd period - Connor McDavid wins face-off versus Matt Duchene in neutral zone.
1:03 of 2nd period - Shot by Frederick Gaudreau.
1:03 of 2nd period - Deflect By Austin Watson.
1:03 of 2nd period - Stopped by Linus Ullmark with a rebound.
1:14 of 2nd period - Icing by Vladislav Gavrikov.
1:15 of 2nd period - Matt Duchene wins face-off versus Zemgus Girgensons in Seattle Kraken zone.
2:11 of 2nd period - Shot by Matthew Tkachuk.
2:11 of 2nd period - Shot Misses the Net.
2:31 of 2nd period - Brandon Tanev is hit by Frederick Gaudreau and loses puck.
2:52 of 2nd period - Shot by Logan Couture.
2:52 of 2nd period - Shot Blocked by Dylan Demelo.
2:56 of 2nd period - Shot by Patrice Bergeron.
2:56 of 2nd period - Stopped by Juuse Saros without a rebound.
2:57 of 2nd period - Nick Bonino wins face-off versus Patrice Bergeron in Anaheim Ducks zone.
3:08 of 2nd period - Shot by Connor McDavid.
3:08 of 2nd period - Stopped by Linus Ullmark with a rebound.
3:10 of 2nd period - Shot by Colton Parayko.
3:10 of 2nd period - Shot Misses the Net.
3:12 of 2nd period - Shot by Connor McDavid.
3:12 of 2nd period - Shot Blocked by Justin Holl.
3:31 of 2nd period - Icing by Nick Bonino.
3:32 of 2nd period - Matt Martin wins face-off versus Radek Faksa in Anaheim Ducks zone.
4:02 of 2nd period - Icing by Ian Cole.
4:03 of 2nd period - Matt Duchene wins face-off versus Zemgus Girgensons in Anaheim Ducks zone.
4:27 of 2nd period - Matt Duchene is hit by Cole Smith and loses puck.
5:01 of 2nd period - Shot by Frederick Gaudreau.
5:01 of 2nd period - Stopped by Linus Ullmark without a rebound.
5:02 of 2nd period - Claude Giroux wins face-off versus Connor McDavid in Seattle Kraken zone.
5:09 of 2nd period - Colton Parayko is hit by Brandon Tanev and loses puck.
5:27 of 2nd period - Minor Penalty to Claude Giroux for Roughing.
5:28 of 2nd period - Patrice Bergeron wins face-off versus Corey Perry in Seattle Kraken zone.
6:51 of 2nd period - Zach Hyman is hit by Nicolas Aube-Kubel and loses puck.
7:01 of 2nd period - Minor Penalty to Derek Forbort for Hooking.
7:02 of 2nd period - Patrice Bergeron wins face-off versus Frederick Gaudreau in Seattle Kraken zone.
7:27 of 2nd period - Off-side.
7:28 of 2nd period - Patrice Bergeron wins face-off versus Connor McDavid in neutral zone.
7:39 of 2nd period - Shot by Connor McDavid.
7:39 of 2nd period - Shot Misses the Net.
8:11 of 2nd period - Shot by Brandon Montour.
8:11 of 2nd period - Stopped by Linus Ullmark without a rebound.
8:12 of 2nd period - Frederick Gaudreau wins face-off versus Radek Faksa in Seattle Kraken zone.
8:15 of 2nd period - Shot by Brandon Montour.
8:15 of 2nd period - Stopped by Linus Ullmark without a rebound.
8:16 of 2nd period - Radek Faksa wins face-off versus Frederick Gaudreau in Seattle Kraken zone.
8:26 of 2nd period - Icing by Brandon Montour.
8:27 of 2nd period - Frederick Gaudreau wins face-off versus Patrice Bergeron in Anaheim Ducks zone.
9:24 of 2nd period - Shot by Matthew Tkachuk.
9:24 of 2nd period - Shot Misses the Net.
9:51 of 2nd period - Brandon Tanev is hit by Zemgus Girgensons.
9:54 of 2nd period - Derek Forbort is hit by Ian Cole and loses puck.
10:08 of 2nd period - Minor Penalty to Zemgus Girgensons for Holding.
10:09 of 2nd period - Matt Duchene wins face-off versus Frederick Gaudreau in Anaheim Ducks zone.
10:09 of 2nd period - Jeff Petry is hit by Dylan Demelo and loses puck.
10:12 of 2nd period - Shot by Jake Guentzel.
10:12 of 2nd period - Deflect By Matt Duchene.
10:12 of 2nd period - Shot Misses the Net.
10:21 of 2nd period - Matt Duchene is hit by Ian Cole and loses puck.
10:35 of 2nd period - Shot by Jeff Petry.
10:35 of 2nd period - Shot Blocked by Frederick Gaudreau.
10:37 of 2nd period - Shot by Matt Duchene.
10:37 of 2nd period - Shot Blocked by Ian Cole.
10:51 of 2nd period - Shot by Mattias Ekholm.
10:51 of 2nd period - Stopped by Juuse Saros without a rebound.
10:52 of 2nd period - Claude Giroux wins face-off versus Cole Smith in Anaheim Ducks zone.
12:12 of 2nd period - Kevin Shattenkirk is hit by Logan O'Connor.
12:30 of 2nd period - Shot by Logan O'Connor.
12:30 of 2nd period - Shot Misses the Net.
12:54 of 2nd period - Derek Forbort is hit by Matt Irwin and loses puck.
13:23 of 2nd period - Shot by Vladislav Gavrikov.
13:23 of 2nd period - Shot Misses the Net.
13:25 of 2nd period - Shot by Mattias Ekholm.
13:25 of 2nd period - Stopped by Juuse Saros without a rebound.
13:26 of 2nd period - Frederick Gaudreau wins face-off versus Claude Giroux in Anaheim Ducks zone.
13:59 of 2nd period - Icing by Ian Cole.
14:00 of 2nd period - Patrice Bergeron wins face-off versus Frederick Gaudreau in Anaheim Ducks zone.
14:00 of 2nd period - Patrice Bergeron is hit by Brandon Montour.
14:09 of 2nd period - Brandon Montour is hit by Vladislav Gavrikov and loses puck.
14:23 of 2nd period - Mattias Ekholm is hit by Zemgus Girgensons.
14:25 of 2nd period - Shot by Patrice Bergeron.
14:25 of 2nd period - Goal by Patrice Bergeron - Seattle Kraken : 2 - Anaheim Ducks : 1.
14:26 of 2nd period - Matt Duchene wins face-off versus Connor McDavid in neutral zone.
14:45 of 2nd period - Shot by Marcus Foligno.
14:45 of 2nd period - Stopped by Juuse Saros without a rebound.
14:46 of 2nd period - Claude Giroux wins face-off versus Zemgus Girgensons in Anaheim Ducks zone.
14:46 of 2nd period - Jeff Petry is hit by Kevin Shattenkirk and loses puck.
16:05 of 2nd period - Icing by Dylan Demelo.
16:06 of 2nd period - Connor McDavid wins face-off versus Patrice Bergeron in Anaheim Ducks zone.
16:10 of 2nd period - Dylan Demelo is hit by Justin Holl and loses puck.
16:33 of 2nd period - Ian Cole is hit by Jake Guentzel and loses puck.
17:18 of 2nd period - Mark Scheifele is hit by Austin Watson.
17:56 of 2nd period - Shot by Zemgus Girgensons.
17:56 of 2nd period - Shot Misses the Net.
Goals for this period are 1 for Seattle Kraken vs 0 for Anaheim Ducks.
Shots for this period are 5 for Seattle Kraken vs 5 for Anaheim Ducks.

3rd period


0:01 of 3rd period - Connor McDavid wins face-off versus Matt Duchene in neutral zone.
0:39 of 3rd period - Shot by Connor McDavid.
0:39 of 3rd period - Shot Blocked by Mattias Ekholm.
1:24 of 3rd period - Off-side.
1:25 of 3rd period - Patrice Bergeron wins face-off versus Corey Perry in neutral zone.
1:37 of 3rd period - Minor Penalty to Matt Irwin for Hooking.
1:38 of 3rd period - Claude Giroux wins face-off versus Frederick Gaudreau in Anaheim Ducks zone.
1:39 of 3rd period - Shot by Jeff Petry.
1:39 of 3rd period - Stopped by Juuse Saros with a rebound.
2:25 of 3rd period - Shot by Vladislav Gavrikov.
2:25 of 3rd period - Shot Blocked by Brock McGinn.
2:39 of 3rd period - Shot by Brayden McNabb.
2:39 of 3rd period - Shot Blocked by Brandon Montour.
2:41 of 3rd period - Shot by Jake Guentzel.
2:41 of 3rd period - Stopped by Juuse Saros without a rebound.
2:42 of 3rd period - Matt Duchene wins face-off versus Cole Smith in Anaheim Ducks zone.
2:54 of 3rd period - Icing by Vladislav Gavrikov.
2:55 of 3rd period - Cole Smith wins face-off versus Matt Duchene in Seattle Kraken zone.
3:49 of 3rd period - Kevin Shattenkirk is hit by Derek Forbort and loses puck.
3:54 of 3rd period - Shot by Connor McDavid.
3:54 of 3rd period - Shot Misses the Net.
3:56 of 3rd period - Shot by Connor McDavid.
3:56 of 3rd period - Stopped by Linus Ullmark with a rebound.
4:05 of 3rd period - Icing by Derek Forbort.
4:06 of 3rd period - Zemgus Girgensons wins face-off versus Radek Faksa in Seattle Kraken zone.
4:12 of 3rd period - Icing by Justin Holl.
4:13 of 3rd period - Zemgus Girgensons wins face-off versus Logan O'Connor in Seattle Kraken zone.
4:29 of 3rd period - Minor Penalty to Derek Forbort for Roughing.
4:30 of 3rd period - Connor McDavid wins face-off versus Patrice Bergeron in Seattle Kraken zone.
5:06 of 3rd period - Shot by Zach Hyman.
5:06 of 3rd period - Stopped by Linus Ullmark without a rebound.
5:07 of 3rd period - Patrice Bergeron wins face-off versus Frederick Gaudreau in Seattle Kraken zone.
5:32 of 3rd period - Shot by Dylan Demelo.
5:32 of 3rd period - Shot Blocked by Mattias Ekholm.
5:53 of 3rd period - Icing by Corey Perry.
5:54 of 3rd period - Patrice Bergeron wins face-off versus Frederick Gaudreau in Anaheim Ducks zone.
6:05 of 3rd period - Shot by Patrice Bergeron.
6:05 of 3rd period - Shot Blocked by Ian Cole.
6:07 of 3rd period - Shot by Logan O'Connor.
6:07 of 3rd period - Deflect By Patrice Bergeron.
6:07 of 3rd period - Shot Misses the Net.
6:09 of 3rd period - Shot by Logan O'Connor.
6:09 of 3rd period - Stopped by Juuse Saros with a rebound.
6:11 of 3rd period - Shot by Logan O'Connor.
6:11 of 3rd period - Shot Misses the Net.
7:06 of 3rd period - Shot by Derek Forbort.
7:06 of 3rd period - Shot Misses the Net.
7:33 of 3rd period - Nick Bonino is hit by Brayden McNabb and loses puck.
7:46 of 3rd period - Shot by Matt Duchene.
7:46 of 3rd period - Shot Blocked by Kevin Shattenkirk.
9:07 of 3rd period - Off-side.
9:08 of 3rd period - Radek Faksa wins face-off versus Connor McDavid in neutral zone.
9:17 of 3rd period - Shot by Radek Faksa.
9:17 of 3rd period - Shot Misses the Net.
9:19 of 3rd period - Shot by Radek Faksa.
9:19 of 3rd period - Stopped by Juuse Saros without a rebound.
9:20 of 3rd period - Claude Giroux wins face-off versus Frederick Gaudreau in Anaheim Ducks zone.
9:21 of 3rd period - Shot by Matthew Tkachuk.
9:21 of 3rd period - Shot Misses the Net.
9:23 of 3rd period - Shot by Jeff Petry.
9:23 of 3rd period - Deflect By Matthew Tkachuk.
9:23 of 3rd period - Stopped by Juuse Saros without a rebound.
9:24 of 3rd period - Frederick Gaudreau wins face-off versus Matt Duchene in Anaheim Ducks zone.
9:45 of 3rd period - Shot by Frederick Gaudreau.
9:45 of 3rd period - Stopped by Linus Ullmark without a rebound.
9:46 of 3rd period - Connor McDavid wins face-off versus Claude Giroux in Seattle Kraken zone.
10:07 of 3rd period - Shot by Connor McDavid.
10:07 of 3rd period - Shot Blocked by Jeff Petry.
10:25 of 3rd period - Shot by Connor McDavid.
10:25 of 3rd period - Stopped by Linus Ullmark without a rebound.
10:26 of 3rd period - Patrice Bergeron wins face-off versus Frederick Gaudreau in Seattle Kraken zone.
10:32 of 3rd period - Mattias Ekholm is hit by Brock McGinn and loses puck.
10:44 of 3rd period - Icing by Mattias Ekholm.
10:45 of 3rd period - Zemgus Girgensons wins face-off versus Patrice Bergeron in Seattle Kraken zone.
10:45 of 3rd period - Zemgus Girgensons is hit by Mattias Ekholm.
11:02 of 3rd period - Icing by Mattias Ekholm.
11:03 of 3rd period - Patrice Bergeron wins face-off versus Frederick Gaudreau in Seattle Kraken zone.
11:24 of 3rd period - Mattias Ekholm is hit by Austin Watson.
11:27 of 3rd period - Minor Penalty to Vladislav Gavrikov for Slashing.
11:28 of 3rd period - Patrice Bergeron wins face-off versus Connor McDavid in Seattle Kraken zone.
12:02 of 3rd period - Brandon Montour is hit by Patrice Bergeron.
12:27 of 3rd period - Shot by Dylan Demelo.
12:27 of 3rd period - Stopped by Linus Ullmark without a rebound.
12:28 of 3rd period - Radek Faksa wins face-off versus Frederick Gaudreau in Seattle Kraken zone.
12:44 of 3rd period - Shot by Ian Cole.
12:44 of 3rd period - Shot Blocked by Brayden McNabb.
12:46 of 3rd period - Shot by Ian Cole.
12:46 of 3rd period - Stopped by Linus Ullmark with a rebound.
12:48 of 3rd period - Shot by Ian Cole.
12:48 of 3rd period - Shot Hit the Post.
12:50 of 3rd period - Shot by Dylan Demelo.
12:50 of 3rd period - Stopped by Linus Ullmark without a rebound.
12:51 of 3rd period - Connor McDavid wins face-off versus Radek Faksa in Seattle Kraken zone.
12:52 of 3rd period - Shot by Brandon Montour.
12:52 of 3rd period - Stopped by Linus Ullmark without a rebound.
12:53 of 3rd period - Patrice Bergeron wins face-off versus Connor McDavid in Seattle Kraken zone.
13:30 of 3rd period - Shot by Mark Scheifele.
13:30 of 3rd period - Shot Misses the Net.
13:32 of 3rd period - Shot by Matt Duchene.
13:32 of 3rd period - Stopped by Juuse Saros with a rebound.
14:05 of 3rd period - Icing by Vladislav Gavrikov.
14:06 of 3rd period - Matt Duchene wins face-off versus Cole Smith in Seattle Kraken zone.
14:15 of 3rd period - Shot by Matt Duchene.
14:15 of 3rd period - Stopped by Juuse Saros with a rebound.
14:45 of 3rd period - Shot by Zemgus Girgensons.
14:45 of 3rd period - Shot Misses the Net.
15:53 of 3rd period - Shot by Matt Irwin.
15:53 of 3rd period - Stopped by Linus Ullmark without a rebound.
15:54 of 3rd period - Patrice Bergeron wins face-off versus Frederick Gaudreau in Seattle Kraken zone.
15:54 of 3rd period - Patrice Bergeron is hit by Austin Watson.
16:19 of 3rd period - Icing by Brandon Montour.
16:20 of 3rd period - Matt Duchene wins face-off versus Frederick Gaudreau in Anaheim Ducks zone.
16:28 of 3rd period - Icing by Ian Cole.
16:29 of 3rd period - Matt Duchene wins face-off versus Frederick Gaudreau in Anaheim Ducks zone.
16:29 of 3rd period - Matt Duchene is hit by Brandon Montour.
16:35 of 3rd period - Shot by Matt Duchene.
16:35 of 3rd period - Stopped by Juuse Saros without a rebound.
16:36 of 3rd period - Connor McDavid wins face-off versus Patrice Bergeron in Anaheim Ducks zone.
17:19 of 3rd period - Shot by Blake Wheeler.
17:19 of 3rd period - Shot Misses the Net.
19:20 of 3rd period - Shot by Claude Giroux.
19:20 of 3rd period - Shot Blocked by Colton Parayko.
19:22 of 3rd period - Shot by Claude Giroux.
19:22 of 3rd period - Deflect By Matthew Tkachuk.
19:22 of 3rd period - Shot Misses the Net.
19:36 of 3rd period - Anaheim Ducks, Juuse Saros is pulled from the net.
19:46 of 3rd period - Shot by Blake Wheeler.
19:46 of 3rd period - Stopped by Linus Ullmark without a rebound.
19:47 of 3rd period - Connor McDavid wins face-off versus Matthew Tkachuk in Seattle Kraken zone.
Goals for this period are 0 for Seattle Kraken vs 0 for Anaheim Ducks.
Shots for this period are 8 for Seattle Kraken vs 10 for Anaheim Ducks.